 Dungeon Crawl Stone Soup version 0.29.0-7-g18a832c13a (webtiles) character file.

Game seed: 13879107928100804025

86 lonewolfV2 the Trooper (level 4, -6/37 HPs)
             Began as a Demonspawn Berserker on Aug 31, 2022.
             Was a Believer of Trog.
             Mangled by Crazy Yiuf
             ... wielding a +2 quarterstaff of chaos
              (12 damage)
             ... on level 3 of the Dungeon.
             The game lasted 00:03:00 (3428 turns).

lonewolfV2 the Trooper (Demonspawn Berserker)       Turns: 3428, Time: 00:03:01

Health: -6/37      AC:  2    Str: 20    XL:     4   Next: 26%
Magic:  4/4        EV: 12    Int:  8    God:    Trog [**....]
Gold:   227        SH:  0    Dex: 12    Spells: 3/3 levels left

rFire   . . .      SeeInvis .   j - +2 quarterstaff (spect)
rCold   . . .      Faith    .   (shield currently unavailable)
rNeg    . . .      Spirit   .   b - +0 animal skin
rPois   .          Reflect  .   (no helmet)
rElec   .          Harm     .   (no cloak)
rCorr   .          Rampage  .   (no gloves)
Will    .....                   (no boots)
Stlth   +.........              (no amulet)
HPRegen 0.12/turn               (no ring)
MPRegen 0.09/turn               (no ring)

@: mighty, flying
A: claws 1, foul stench 1
a: Renounce Religion, Berserk, Trog's Hand


You were on level 3 of the Dungeon.
You worshipped Trog.
Trog was pleased with you.
You visited 1 branch of the dungeon, and saw 3 of its levels.

You collected 227 gold pieces.

Inventory:

Hand Weapons
 a - a +0 hand axe
 j - a +2 spectral quarterstaff (weapon)
Armour
 b - a +0 animal skin (worn)
Jewellery
 c - an amulet of faith
 f - a ring of resist corrosion
 h - an amulet of magic regeneration
Scrolls
 i - 4 scrolls of identify {unknown}
Potions
 d - a potion of lignification {unknown}
 e - a potion of might {unknown}
 g - 2 potions of flight
 k - a potion of curing
 l - a potion of invisibility {unknown}
 m - a potion of berserk rage {unknown}


   Skills:
 + Level 3.9 Fighting
 + Level 3.3 Axes
 + Level 2.0 Armour
 + Level 2.4 Dodging
 + Level 0.5 Stealth


You had 3 spell levels left.
You didn't know any spells.
Your spell library was empty.

Dungeon Overview and Level Annotations

Branches:
Dungeon (3/15)

Altars:

Annotations:
D:3 Crazy Yiuf


Innate Abilities, Weirdness & Mutations

You have sharp fingernails.
You may rarely emit foul miasma when damaged in melee.


Message History

Trog accepts your kill.
Things that are here:
a +0 dagger; a stone; a kobold corpse
m - a silvery potion You now have 208 gold pieces (gained 12).
g - 3 sapphire potions (gained 1)
You now have 223 gold pieces (gained 15).
You open the door.
There is an open door here.
There is an open door here.
You see here a book of Dangerous Friends.
You open the door.
There is an open door here.
There is an open door here.
Key pressed, stopping explore.
You now have 227 gold pieces (gained 4).
Found a hammer.
Found a runed translucent door.
Crazy Yiuf shouts!
You open the door.
Crazy Yiuf hits you with a +2 quarterstaff of chaos.
You convulse.
There is an open translucent door, spattered with blood here.
You barely miss Crazy Yiuf.
Your +2 spectral quarterstaff hits Crazy Yiuf.
Crazy Yiuf hits you with a +2 quarterstaff of chaos.
Crazy Yiuf burns you.
Crazy Yiuf waves his quarterstaff at you.
Crazy Yiuf hits you with a +2 quarterstaff of chaos!
* * * LOW HITPOINT WARNING * * *
Crazy Yiuf burns you.
* * * LOW HITPOINT WARNING * * *
It was a potion of curing.
You feel better.
Crazy Yiuf hits you with a +2 quarterstaff of chaos.
* * * LOW HITPOINT WARNING * * *
You feel very mighty all of a sudden.
It was a potion of flight.
You feel very buoyant.
You fly up into the air.
Crazy Yiuf hits you with a +2 quarterstaff of chaos!
You die...

#...................
#...................
#############'######
#....).# #####
#<.....# #..)#
#......# #...#
#.....## #.g§#
#.....# #@# #.....#
##.# ##.#### #.##
#.# ##.# #.# #.##
#.# ##.## #.# #..P##
#.# #....# ##.#
#....# #..#


You could see Crazy Yiuf.

Vanquished Creatures
  3 adders
  2 dart slugs (D:1)
  An orc (D:3)
  3 bats
  6 endoplasms (D:1)
  6 goblins
  8 hobgoblins
  2 quokkas (D:2)
  4 ball pythons
  3 frilled lizards
  9 kobolds
  5 rats
52 creatures vanquished.

Notes
Turn   | Place    | Note
-------+----------+-------------------------------------------
     0 | D:1      | lonewolfV2 the Demonspawn Berserker began the quest for the
                  | Orb.
     0 | D:1      | Reached XP level 1. HP: 18/18 MP: 1/1
   309 | D:1      | Discovered your monstrous ancestry.
   309 | D:1      | Gained mutation: You have sharp fingernails. [demonic
                  | ancestry]
   309 | D:1      | Reached XP level 2. HP: 18/24 MP: 2/2
  1436 | D:1      | Reached XP level 3. HP: 26/30 MP: 3/3
  1621 | D:1      | Found a faded altar of an unknown god.
  1767 | D:2      | Reached ** piety under Trog
  2802 | D:2      | Gained mutation: You may rarely emit foul miasma when
                  | damaged in melee. [demonic ancestry]
  2802 | D:2      | Reached XP level 4. HP: 37/37 MP: 4/4
  3420 | D:3      | Found a runed translucent door.
  3421 | D:3      | Noticed Crazy Yiuf
  3428 | D:3      | Mangled by Crazy Yiuf

Illustrated notes

Levels and vault maps discovered:
D:1:      heliophobic_arrival_battle_scene, layout_basic,
          shapermc_ecumenical_altar_mp_vishouse
D:2:      layout_loops_ring, dreamdust_wishing_well
D:3:      layout_basic, uniq_crazy_yiuf_cottage

Skill      XL: |  1  2  3 |
---------------+----------+-----
Axes           | 3 |  3.3
Dodging        | 2 |  2.4
Armour         | 2 |  2.0
Fighting       | |  3.9
Stealth        | |  0.5

Action                   |  1- 3 |  4- 6 || total
-------------------------+-------+-------++-------
Melee: Hand axe          |   137 |       ||   137
       Quarterstaff      |     8 |    14 ||    22
  Use: Scroll            |     3 |       ||     3
       Potion            |       |     2 ||     2
Armor: Animal skin       |    18 |    11 ||    29
Dodge: Dodged            |   119 |     8 ||   127
